 Dungeon Crawl Stone Soup version 0.28-a0-249-g9004c80361 (webtiles) character file.

Game seed: 17924421948330194319

112 Colgate the Shield-Bearer (level 4, 0/28 HPs)
             Began as a Gargoyle Fighter on Aug 26, 2021.
             Was an Initiate of Nemelex Xobeh.
             Slain by an iguana (4 damage)
             ... on level 4 of the Dungeon.
             The game lasted 00:16:02 (2576 turns).

Colgate the Shield-Bearer (Gargoyle Fighter)        Turns: 2576, Time: 00:16:09

Health: 0/28       AC: 10    Str: 20    XL:     4   Next: 93%
Magic:  4/4        EV: 11    Int:  9    God:    Nemelex Xobeh [......]
Gold:   74         SH:  8    Dex:  9    Spells: 3/3 levels left

rFire   . . .      SeeInvis .   a - +0 flail
rCold   . . .      Faith    .   c - +0 kite shield
rNeg    + . .      Spirit   .   b - +0 scale mail
rPois   ∞          Reflect  .   (no helmet)
rElec   +          Harm     .   (no cloak)
rCorr   .          Rampage  .   (no gloves)
Will    .....                   (no boots)
Stlth   ..........              (no amulet)
HPRegen 0.09/turn               m - +4 ring of evasion
MPRegen 0.09/turn               (no ring)

@: no status effects
A: sickness immunity, AC +3, negative energy resistance 1, electricity
resistance, torment resistance 1, petrification resistance
a: Renounce Religion, Draw Escape, Draw Destruction, Draw Summoning


You were on level 4 of the Dungeon.
You worshipped Nemelex Xobeh.
Nemelex Xobeh was noncommittal.
You visited 1 branch of the dungeon, and saw 4 of its levels.

You collected 74 gold pieces.

Inventory:

Hand Weapons
 a - a +0 flail (weapon)
Missiles
 g - 133 stones (quivered)
 h - 60 arrows
 i - 19 bolts
Armour
 b - a +0 scale mail (worn)
 c - a +0 kite shield (worn)
 f - a +0 leather armour
 j - a +0 chain mail
Jewellery
 m - a +4 ring of evasion (left hand)
Scrolls
 e - 3 scrolls of noise {unknown}
 k - a scroll of torment {unknown}
 l - a scroll of magic mapping {unknown}
 n - 2 scrolls of teleportation {unknown}
 r - a scroll of enchant weapon {unknown}
Potions
 d - a potion of might
 o - a potion of curing {unknown}
 p - 2 potions of attraction {unknown}
 s - 2 potions of cancellation {unknown}
 t - a potion of berserk rage {unknown}


   Skills:
 - Level 3.2 Fighting
 - Level 4.0 Maces & Flails
 + Level 1.5 Throwing
 - Level 3.2 Armour
 - Level 4.0 Shields


You had 3 spell levels left.
You didn't know any spells.
Your spell library contained the following spells:

 Spells                   Type           Power      Damage    Failure   Level
 Chain Lightning          Conj/Air       0%         N/A       100%        9
 Fire Storm               Conj/Fire      0%         5d1       100%        9


Dungeon Overview and Level Annotations

Branches:
Dungeon (4/15)
 Temple: D:4-7

Altars:
Nemelex Xobeh

Shops:
D:2 *

Annotations:
D:2 Terence


Innate Abilities, Weirdness & Mutations

You are immune to sickness and miasma.
Your stone body is resilient. (AC +3)
You are immune to poison.
You resist negative energy. (rN+)
You are resistant to electric shocks. (rElec)
You are resistant to unholy torment.
You are immune to petrification.


Message History

You open the door.
There is an open door here.
You open the door.
Found 2 curare-tipped darts.
There is an open door here.
Press: ? - help, v - describe, . - travel, g - get item Item here: 2 curare-tipped darts.
The floor.
You see here 2 curare-tipped darts.
u - 2 curare-tipped darts An iguana comes into view.
The iguana hisses angrily.
Unknown command.
You throw a curare-tipped dart.
The curare-tipped dart barely misses the iguana.
You throw a curare-tipped dart.
The curare-tipped dart closely misses the iguana.
You throw a poisoned dart.
The poisoned dart barely misses the iguana.
You throw a poisoned dart.
The poisoned dart barely misses the iguana.
You closely miss the iguana.
The iguana bites you but does no damage.
You block the iguana's attack.
You hit the iguana.
The iguana is moderately wounded.
The iguana bites you.
Your shield and scale mail prevent you from hitting the iguana.
The iguana is moderately wounded.
The iguana barely misses you. The iguana misses you.
You thump the iguana!
The iguana is almost dead.
The iguana bites you!
You closely miss the iguana.
The iguana is almost dead.
The iguana bites you!
* * * LOW HITPOINT WARNING * * *
The iguana bites you.
You die...
Your body disappears without a glow.

####.###...##....#
######.########(...##
#.......#...........#
#.......#...........#
#.......#...........#
#.......#...........#
#.......#...........#
###.###'#######l..###
#+# #.##.####@..##
#.....#......+
+.....#......#
#.....'......#
##############


You could see an iguana.

Vanquished Creatures
  A bullfrog skeleton (D:3)
  An adder (D:3)
  A gnoll (D:4)
  A shadow imp (D:4)
  A dart slug (D:2)
  6 bats
  4 endoplasms
  A giant cockroach (D:4)
  3 goblins
  9 hobgoblins
  4 jackals
  5 kobolds
  3 quokkas
  2 ball pythons
  3 frilled lizards
  3 rats
48 creatures vanquished.

Vanquished Creatures (others)
  4 plants (D:1)
4 creatures vanquished.

Grand Total: 52 creatures vanquished

Notes
Turn   | Place    | Note
-------+----------+-------------------------------------------
     0 | D:1      | Colgate the Gargoyle Fighter began the quest for the Orb.
     0 | D:1      | Reached XP level 1. HP: 14/14 MP: 1/1
   212 | D:1      | Reached XP level 2. HP: 19/19 MP: 2/2
  1115 | D:2      | Noticed Terence
  1176 | D:2      | Found Cephasch's General Store.
  1220 | D:2      | Reached XP level 3. HP: 23/23 MP: 3/3
  1630 | D:2      | You fall into a shaft and drop 1 floor!
  1741 | D:3      | Reached XP level 4. HP: 22/28 MP: 4/4
  2260 | D:4      | Reached skill level 1 in Throwing
  2291 | D:4      | Found a sparkling altar of Nemelex Xobeh.
  2303 | D:4      | Became a worshipper of Nemelex Xobeh the Trickster
  2576 | D:4      | Slain by an iguana

Illustrated notes

Levels and vault maps discovered:
D:1:      sevenhm_arrival_forest_fort_small_4, layout_loops_cross, serial_bayou,
          serial_bayou_crossing, serial_bayou_pond_e, serial_bayou_pond_b,
          serial_bayou_shore_b, serial_bayou_pond_d, serial_bayou_shore_b
D:2:      layout_loops_ring, serial_shops, nicolae_lakefront_shop, uniq_terence
D:3:      layout_loops_corners, mainiacjoe_overflow_surrounded_room
D:4:      layout_gridville, lemuel_doored_altar, wad_rectangle_vault

Skill      XL: |  1  2  3  4 |
---------------+-------------+-----
Shields        | 4 |  4.0
Maces & Flails | 3 4 |  4.0
Throwing       | 1 |  1.5
Fighting       | |  3.2
Armour         | |  3.2

Action                   |  1- 3 |  4- 6 || total
-------------------------+-------+-------++-------
Melee: Flail             |    96 |    80 ||   176
Throw: Stone             |    49 |    19 ||    68
       Dart              |       |     4 ||     4
Armor: Scale mail        |    51 |    27 ||    78
Dodge: Dodged            |    38 |    35 ||    73
Block: Kite shield       |    41 |    30 ||    71

Table legend: (Time is in decaauts)
 A = Elapsed time spent in this place.
 B = Non-inter-level travel time spent in this place.
 C = Inter-level travel time spent in this place.
 D = Time resting spent in this place.
 E = Time spent auto-exploring this place.
 F = Levels seen in this place.
 G = Mean time per level.
                   A        B        C        D        E       F      G
               +--------+--------+--------+--------+--------+-----+--------+
         Total |   2703 |   2605 |     98 |      4 |   1786 |   4 |  675.8 |
       Dungeon |   2703 |   2605 |     98 |      4 |   1786 |   4 |  675.8 |
               +--------+--------+--------+--------+--------+-----+--------+

Top non-repeatable levels by time:
     D:1: 1239 daAuts
     D:3: 505 daAuts
     D:4: 484 daAuts
     D:2: 473 daAuts
